 Dungeon Crawl Stone Soup version 0.28.0 (webtiles) character file.

Game seed: 15550439417645700060

49 BobtheApe the Insei (level 4, 0/34 HPs)
             Began as a Djinni Transmuter on Feb 15, 2022.
             Slain by a kobold (3 damage)
             ... on level 2 of the Dungeon.
             The game lasted 00:12:51 (3026 turns).

BobtheApe the Insei (Djinni Transmuter)             Turns: 3026, Time: 00:12:51

Health: 0/34       AC:  2    Str: 11    XL:     4   Next: 2%
Gold:   101        EV: 12    Int: 14    God:
                   SH:  0    Dex: 14

rFire   + + .      SeeInvis .   b - +0 whip
rCold   x . .      Faith    .   (no shield)
rNeg    . . .      Spirit   .   a - +0 robe
rPois   ∞          Reflect  .   (helmet currently unavailable)
rElec   .          Harm     .   (no cloak)
rCorr   .          Rampage  .   (no gloves)
Will    .....                   (boots unavailable)
Stlth   +.........              (no amulet)
HPRegen 0.11/turn               (no ring)
MPRegen 0.00/turn               (no ring)

@: appendages, flying
A: horns 2, flying, sickness immunity, fire resistance 2, cold vulnerability 1,
float, innate caster, HP casting, extra vitality 1
a: End Transformation


You were on level 2 of the Dungeon.
You had temporarily grown beastly horns.
You visited 1 branch of the dungeon, and saw 2 of its levels.

You collected 101 gold pieces.

Inventory:

Hand Weapons
 b - a +0 whip (weapon)
Armour
 a - a +0 robe (worn)
Scrolls
 c - 2 scrolls of identify {unknown}
 e - 2 scrolls of amnesia {unknown}
 g - a scroll of teleportation {unknown}
Potions
 d - a potion of ambrosia {unknown}
 f - 2 potions of attraction {unknown}
 h - a potion of haste {unknown}


   Skills:
 + Level 2.8 Fighting
 - Level 2.1 Dodging
 - Level 3.0 Unarmed Combat
 + Level 2.2 Spellcasting


You couldn't memorise any spells.
You knew the following spells:

 Your Spells              Type           Power      Damage    Failure   Level
a - Beastly Appendage     Tmut           14%        N/A       10%         1
b - Wereblood             Tmut           7%         N/A       14%         2
c - Spider Form           Tmut/Pois      7%         N/A       28%         3
d - Ice Form              Ice/Tmut       7%         N/A       67%         4
e - Apportation           Tloc           14%        N/A       10%         1
Your spell library was empty.

Dungeon Overview and Level Annotations

Branches:
Dungeon (2/15)

Altars:


Innate Abilities, Weirdness & Mutations

You have temporarily grown beastly horns.
You are flying.
You are immune to sickness and miasma.
You are immune to poison.
Your flesh is very heat resistant. (rF++)
You are vulnerable to cold. (rC-)
You float through the air rather than walking.
You learn spells naturally, not from books.
Your magical power is your life essence.
You have superior vitality. (+4 MHP)


Message History

You are very lightly contaminated with residual magic.
Nothing appears to happen.
The kobold barely misses you.
Casting: Beastly Appendage (safe; 10% risk of failure)
Confirm with . or Enter, or press ? or * to list all spells.
You extend your transformation's duration.
The kobold closely misses you.
Casting: Beastly Appendage (safe; 10% risk of failure)
Confirm with . or Enter, or press ? or * to list all spells.
You fail to extend your transformation any further.
The kobold hits you with a +0 whip.
Casting: Beastly Appendage (safe; 10% risk of failure)
Confirm with . or Enter, or press ? or * to list all spells.
You fail to extend your transformation any further.
The kobold barely misses you.
Casting: Beastly Appendage (safe; 10% risk of failure)
Confirm with . or Enter, or press ? or * to list all spells.
You fail to extend your transformation any further.
The kobold hits you but does no damage.
Casting: Beastly Appendage (safe; 10% risk of failure)
Confirm with . or Enter, or press ? or * to list all spells.
You extend your transformation's duration.
The kobold completely misses you.
Casting: Beastly Appendage (safe; 10% risk of failure)
Confirm with . or Enter, or press ? or * to list all spells.
You fail to extend your transformation any further.
The kobold hits you with a +0 whip.
* * * LOW HITPOINT WARNING * * *
Your magical contamination has completely faded away.
Casting: Beastly Appendage (safe; 10% risk of failure)
Confirm with . or Enter, or press ? or * to list all spells.
You extend your transformation's duration.
* * * LOW HITPOINT WARNING * * *
The kobold hits you with a +0 whip.
* * * LOW HITPOINT WARNING * * *
Casting: Beastly Appendage (safe; 10% risk of failure)
Confirm with . or Enter, or press ? or * to list all spells.
You fail to extend your transformation any further.
* * * LOW HITPOINT WARNING * * *
The kobold hits you with a +0 whip.
You die...

#.......###.###....# #.##.#
#.........##.##..##.######.#...
+.........'.....###............
#.........####......######.#...
##.......## ##.##### #....#
##)....## #.# ###.## ##...##
#.# #.# ##+# ###.# #.# #.@.#
#.# #K### #.# #. ###.## #.
#..... #. #.#.## #. #.#.## #.
#.#... .. #.#### #.####


You could see a kobold.

Vanquished Creatures
  An adder (D:2)
  5 ball pythons
  3 bats (D:1)
  3 endoplasms
  A giant cockroach (D:1)
  6 goblins
  5 hobgoblins (D:2)
  2 kobolds
  2 quokkas
  A frilled lizard (D:2)
  10 rats
39 creatures vanquished.

Notes
Turn   | Place    | Note
-------+----------+-------------------------------------------
     0 | D:1      | BobtheApe the Djinni Transmuter began the quest for the
                  | Orb.
     0 | D:1      | Reached XP level 1. HP: 17/17 MP: 0/0
   258 | D:1      | Reached XP level 2. HP: 19/23 MP: 0/0
   413 | D:1      | Found a faded altar of an unknown god.
  1176 | D:1      | Reached XP level 3. HP: 28/29 MP: 0/0
  1176 | D:1      | Learned a level 1 spell: Apportation
  2785 | D:2      | Reached XP level 4. HP: 33/34 MP: 0/0
  3026 | D:2      | Slain by a kobold

Illustrated notes

Levels and vault maps discovered:
D:1:      elethiomel_arrival_diamonds, layout_rooms,
          shapermc_ecumenical_altar_starsandcircs, hex_intersection
D:2:      minmay_chambers_of_twos, layout_loops_corners, minmay_pentomino_p2

Skill      XL: |  1  2  3 |
---------------+----------+-----
Fighting       | 2 |  2.8
Spellcasting   | 2 |  2.2
Dodging        | |  2.1
Unarmed Combat | |  3.0

Action                   |  1- 3 |  4- 6 || total
-------------------------+-------+-------++-------
Melee: Unarmed           |    27 |       ||    27
       Whip              |   113 |     3 ||   116
       Headbutt          |    12 |       ||    12
       Punch             |     3 |       ||     3
 Cast: Beastly Appendage |    17 |    18 ||    35
       Wereblood         |     2 |       ||     2
 Stab: Sleeping          |     1 |       ||     1
Armor: Robe              |    36 |     1 ||    37
Dodge: Dodged            |   101 |     8 ||   109
